Map: Romanticide LE

Players

Denver

  • Race: Zerg Zerg

Elazer - Winner!

  • Race: Zerg Zerg

Event: DreamHack SC2 Masters 2021 Fall

VOD

Have the link to the VOD?

Description

Time

  • Played on: Aug. 1, 2021, 10:30 a.m.
  • Length: 13:05

All games in this series

Show
View Real Time Build Order
Export as new Build Order

Denver Zerg 

Build Orders: Hatch First 

Get SALT Encoding   

  12  0:00  Drone  
  13  0:12  Overlord  
  13  0:16  Drone  
  14  0:30  Drone x2  
  16  0:49  Hatchery  
  15  0:51  Drone  
  15  0:55  Drone  
  17  0:58  Drone  
  18  1:09  Extractor  
  17  1:13  Spawning Pool  
  17  1:17  Drone  
  17  1:20  Drone  
  18  1:28  Drone  
  19  1:40  Drone  
  20  1:50  Drone  
  21  2:00  Queen, Overlord  
  23  2:02  Queen, Zergling x2  
  26  2:10  Metabolic Boost  
  26  2:11  Drone  
  26  2:13  Drone  
  28  2:21  Drone  
  28  2:22  Drone  
  30  2:36  Hatchery  
  29  2:37  Drone  
  29  2:40  Drone  
  31  2:46  Baneling Nest  
  31  2:50  Drone  
  31  2:55  Queen  
  33  2:59  Overlord  
  33  3:02  Drone  
  33  3:04  Zergling x2  
  35  3:10  Zergling x2  
  36  3:19  Drone x5  
  41  3:22  Overlord  
  41  3:26  Zergling x2  
  42  3:30  Drone x2  
  44  3:40  Evolution Chamber  
  43  3:41  Drone x4  
  43  3:46  Drone  
  48  3:51  Lair  
  48  3:53  Drone  
  48  3:54  Drone x2  
  50  4:00  Extractor  
  50  4:02  Drone x2  
  51  4:07  Drone x4  
  55  4:10  Extractor  
  55  4:13  Zerg Missile Weapons Level 1  
  55  4:16  Drone x4  
  58  4:19  Overlord  
  58  4:26  Roach Warren  
  58  4:28  Extractor, Overlord  
  58  4:30  Drone  
  57  4:35  Baneling  
  57  4:40  Drone  
  57  4:41  Drone x6  
  57  4:45  Extractor  
  63  4:46  Drone x3  
  63  4:51  Drone x5  
  71  4:57  Overlord  
  71  4:59  Overlord  
  71  5:03  Extractor  
  70  5:09  Drone x4  
  70  5:10  Glial Reconstitution, Overlord  
  70  5:14  Overseer  
  73  5:15  Overlord x2  
  73  5:19  Roach x2  
  73  5:21  Roach  
  79  5:22  Roach  
  79  5:28  Drone, Overlord  
  82  5:30  Roach x2  
  82  5:34  Roach x3  
  92  5:36  Roach  
  92  5:37  Baneling  
  92  5:39  Roach  
  92  5:40  Roach  
  98  5:47  Roach x4  
  104  5:53  Roach x3  
  106  5:59  Roach x3  
  106  6:01  Ravager x2  
  106  6:02  Ravager x2  
  116  6:07  Roach x2  
  116  6:08  Overlord  
  120  6:13  Overlord  
  120  6:14  Overlord  
  120  6:24  Overlord  
  120  6:27  Overlord  
  120  6:31  Overlord  
  120  6:34  Roach x7  
  120  6:35  Spine Crawler  
  120  6:36  Spine Crawler  
  132  6:40  Roach x2  
  132  6:42  Zerg Missile Weapons Level 2  
  132  6:45  Burrow  
  136  6:48  Drone x4  
  140  6:56  Overseer  
  140  7:02  Hatchery  
  140  7:04  Drone x2  
  140  7:05  Evolution Chamber  
  140  7:07  Overlord x2  
  140  7:11  Pneumatized Carapace  
  140  7:13  Roach x2  
  140  7:14  Roach  
  146  7:16  Roach  
  146  7:21  Roach x2  
  146  7:22  Roach  
  154  7:28  Roach x3  
  160  7:30  Overlord  
  160  7:33  Zerg Ground Armor Level 1  
  160  7:39  Overlord  
  162  7:44  Roach x5  
  162  7:47  Tunneling Claws  
  168  7:56  Roach x5  
  178  8:02  Ravager x3  
  178  8:03  Ravager x2  
  178  8:05  Overlord  
  183  8:07  Roach x3  
  189  8:16  Roach x5  
  199  8:35  Hydralisk Den  
  197  8:47  Roach  
  197  8:48  Roach x3  
  191  8:56  Ravager  
  191  9:02  Roach x5  
  198  9:03  Roach  
  182  9:13  Roach x11  
  190  9:25  Roach x2  
  192  9:36  Roach x2  
  192  9:41  Zerg Ground Armor Level 2  
  178  9:53  Hatchery  
  178  9:54  Roach x8  
  178  9:56  Overlord  
  191  10:10  Roach  
  189  10:14  Overlord  
  189  10:17  Overlord  
  189  10:24  Roach x9  
  189  10:25  Roach x2  
  191  10:33  Roach x5  
  189  10:47  Roach x7  
  181  11:01  Roach x32  
  181  11:02  Roach x15  
  174  11:08  Roach x4  
  182  11:14  Roach, Infestation Pit  
  182  11:15  Roach x4  
  191  11:24  Roach  
  191  11:25  Roach x2  
  183  11:34  Roach x3  
  189  11:42  Roach x11  
  189  11:46  Spire  
  176  11:50  Queen  
  178  11:55  Roach x3  
  175  12:05  Overseer x2  
  175  12:07  Roach x5  
  171  12:18  Drone  
  171  12:19  Drone x4  
  176  12:31  Roach x12  
  176  12:32  Drone x3  
  179  12:38  Roach x4  
Show
View Real Time Build Order
Export as new Build Order

Elazer Zerg - Winner!

Build Orders: Hatch First 

Get SALT Encoding   

  12  0:00  Drone  
  13  0:12  Overlord  
  13  0:16  Drone  
  14  0:30  Drone x2  
  16  0:47  Hatchery  
  15  0:50  Drone  
  15  0:53  Drone  
  15  0:56  Drone  
  18  1:07  Extractor  
  17  1:12  Spawning Pool  
  17  1:15  Drone  
  17  1:18  Drone  
  18  1:27  Drone  
  19  1:38  Drone  
  20  1:49  Drone  
  21  1:58  Queen x2  
  21  1:59  Zergling x2  
  21  2:00  Overlord  
  26  2:07  Metabolic Boost  
  26  2:10  Drone x2  
  28  2:21  Drone x2  
  30  2:33  Hatchery  
  30  2:35  Drone  
  30  2:37  Drone  
  31  2:47  Drone  
  31  2:48  Baneling Nest  
  31  2:49  Overlord  
  31  2:54  Drone x2  
  33  3:05  Drone x2  
  35  3:07  Drone  
  35  3:08  Drone, Overlord  
  37  3:14  Queen  
  37  3:16  Zergling x2  
  37  3:18  Zergling x2  
  41  3:20  Drone  
  41  3:23  Drone x2  
  44  3:27  Zergling x2  
  44  3:30  Extractor  
  44  3:32  Drone  
  45  3:37  Drone  
  45  3:38  Drone x3  
  49  3:42  Drone x3  
  49  3:45  Drone x2  
  54  3:51  Overlord  
  54  3:54  Lair  
  54  3:55  Drone  
  55  3:56  Drone  
  55  4:02  Overlord  
  56  4:06  Extractor  
  54  4:10  Drone x4  
  54  4:13  Drone x2  
  60  4:19  Roach Warren  
  60  4:21  Evolution Chamber  
  58  4:25  Drone x2  
  58  4:26  Zergling x4  
  58  4:27  Drone  
  58  4:28  Drone  
  64  4:31  Drone x2  
  64  4:35  Overlord  
  66  4:40  Drone x2  
  66  4:42  Extractor  
  66  4:43  Extractor  
  66  4:47  Zerg Missile Weapons Level 1  
  66  4:48  Overlord  
  66  4:49  Overlord  
  66  4:50  Overlord  
  66  4:53  Zergling x6  
  69  5:02  Roach x6  
  81  5:07  Overlord  
  81  5:09  Roach x2  
  85  5:15  Roach  
  85  5:20  Roach x6  
  99  5:23  Glial Reconstitution  
  99  5:29  Nydus Network  
  99  5:33  Roach x5  
  108  5:38  Extractor  
  108  5:39  Roach x2  
  108  5:42  Overlord  
  111  5:44  Roach  
  111  5:45  Roach  
  112  5:54  Roach  
  111  6:02  Roach  
  111  6:03  Roach x5  
  122  6:06  Nydus Canal  
  122  6:12  Baneling x2  
  122  6:13  Overlord x2  
  122  6:31  Roach x7  
  136  6:33  Drone  
  136  6:39  Drone  
  137  6:43  Overseer, Zerg Missile Weapons Level 2  
  137  6:49  Overlord x2  
  137  6:50  Overlord  
  137  6:51  Pneumatized Carapace  
  137  6:56  Overlord  
  137  7:08  Drone x8  
  145  7:11  Drone x4  
  149  7:17  Overlord  
  149  7:19  Roach x2  
  153  7:26  Roach x4  
  161  7:36  Ravager x2  
  161  7:37  Ravager x2  
  165  7:38  Roach x2  
  169  7:45  Overlord  
  169  7:46  Overlord  
  169  7:48  Infestation Pit  
  168  7:53  Roach  
  170  7:58  Overlord x2  
  170  8:03  Overlord x2  
  170  8:05  Roach x4  
  178  8:10  Hatchery  
  177  8:14  Ravager  
  178  8:22  Roach, Overlord  
  178  8:23  Roach x10  
  200  8:31  Hive  
  196  8:55  Roach x2  
  200  8:59  Zerg Ground Armor Level 1  
  200  9:02  Hydralisk Den  
  191  9:08  Overseer  
  179  9:12  Roach x11  
  187  9:23  Roach  
  187  9:24  Roach x10  
  175  9:32  Nydus Canal  
  175  9:33  Burrow  
  175  9:36  Roach x5  
  183  9:42  Ravager  
  183  9:43  Ravager  
  183  9:48  Roach x4  
  183  9:54  Overseer  
  183  10:02  Overseer  
  178  10:08  Overseer  
  178  10:11  Roach x5  
  178  10:12  Roach x6  
  196  10:16  Overseer  
  196  10:28  Roach x4  
  192  10:35  Muscular Augments  
  192  10:36  Drone x8  
  194  10:54  Drone x2  
  194  10:55  Drone  
  190  11:04  Roach x12  
  190  11:07  Tunneling Claws  
  190  11:08  Roach x31  
  200  11:12  Extractor  
  199  11:21  Nydus Canal  
  191  11:33  Roach x4  
  191  11:35  Roach x10  
  191  11:38  Roach x2  
  179  11:50  Roach x10  
  199  11:58  Nydus Canal  
  195  12:15  Roach x11  
  199  12:20  Roach x10  
  199  12:28  Ravager  
  200  12:36  Lurker Den  

Tags
 
Add a new tag
Caveats
  • Supply blocks, unpowered buildings, or Contaminate may cause inaccurate times.
  • Supply counts are checked every 10 seconds.